[Event "ICC tourney 2552 (3 2)"]
[Site "Internet Chess Club"]
[Date "2021.05.07"]
[Round "3"]
[White "ZHUOCHENG YOU, BRANDON:K03-17094702"]
[Black "THOMPSON, PETER:K06-16717682"]
[Result "0-1"]
[ICCResult "White checkmated"]
[WhiteElo "1400"]
[BlackElo "1400"]
[Opening "King's gambit"]
[ECO "C30"]
[NIC "KG.05"]
[Time "18:53:19"]
[PlyCount "40"]
[TimeControl "180+2"]

1. e4 e5 2. f4 f6 3. fxe5 fxe5 4. Qh5+ g6 5. Qxe5+ Ne7 6. Qxh8 h6 7. Be2 d5
8. exd5 Nxd5 9. Qe5+ Be7 10. Nf3 Nc6 11. Qh8+ Bf8 12. O-O Bf5 13. Nh4 g5
14. Nxf5 Qd7 15. Nxh6 Nf4 16. Bg4 Qd4+ 17. Kh1 Qxh8 18. Nf5 Bd6 19. d3 Nxd3
20. cxd3 Qxh2# { White checkmated } 0-1

[Event "ICC tourney 2552 (3 2)"]
[Site "Internet Chess Club"]
[Date "2021.05.07"]
[Round "3"]
[White "ENMING LIN, BRYAN:K05-30020975"]
[Black "WU, TERRAIN:K01-30135638"]
[Result "1-0"]
[ICCResult "Black forfeits on time"]
[WhiteElo "1400"]
[BlackElo "1400"]
[Opening "QGD: 4.Bg5 Nbd7"]
[ECO "D51"]
[NIC "QO.16"]
[Time "18:52:39"]
[PlyCount "43"]
[TimeControl "180+2"]

1. d4 d5 2. c4 e6 3. Nc3 Nf6 4. Bg5 Nbd7 5. cxd5 exd5 6. g3 h6 7. Bxf6 Nxf6
8. Bg2 Be6 9. Nf3 Qd7 10. Ne5 Qd6 11. O-O O-O-O 12. Qb3 g5 13. Rac1 Nd7 14.
Nb5 c6 15. Nxd6+ Bxd6 16. Nxc6 bxc6 17. Rxc6+ Bc7 18. Rfc1 Nc5 19. R1xc5
Rd7 20. Rb5 Kd8 21. Bxd5 Bxd5 22. Rxd5 { Black forfeits on time } 1-0

[Event "ICC tourney 2552 (3 2)"]
[Site "Internet Chess Club"]
[Date "2021.05.07"]
[Round "3"]
[White "M TAHER, MIKAEEL:K06-30143633"]
[Black "MENG, FANRONG:K03-17099646"]
[Result "1-0"]
[ICCResult "Black forfeits on time"]
[WhiteElo "1400"]
[BlackElo "1400"]
[Opening "French: Steinitz variation"]
[ECO "C11"]
[NIC "FR.04"]
[Time "18:52:39"]
[PlyCount "39"]
[TimeControl "180+2"]

1. e4 e6 2. Nc3 d5 3. d4 Nf6 4. e5 Nfd7 5. Nf3 c5 6. dxc5 Bxc5 7. Bd3 Nc6
8. O-O Ndxe5 9. Nxe5 Nxe5 10. Be3 Bxe3 11. fxe3 Nxd3 12. Qxd3 O-O 13. Rad1
Bd7 14. e4 Qb6+ 15. Kh1 Bc6 16. exd5 exd5 17. Qg3 Qxb2 18. Nxd5 Bxd5 19.
Rxd5 Qxa2 20. Rd2 { Black forfeits on time } 1-0

[Event "ICC tourney 2552 (3 2)"]
[Site "Internet Chess Club"]
[Date "2021.05.07"]
[Round "3"]
[White "SRIRAM, SHRAVAN:K06-15894655"]
[Black "LIU, LUCAS:K03-16947300"]
[Result "1-0"]
[ICCResult "Black checkmated"]
[WhiteElo "1400"]
[BlackElo "1400"]
[Opening "QGD Slav defense"]
[ECO "D10"]
[NIC "SL.01"]
[Time "18:53:19"]
[PlyCount "99"]
[TimeControl "180+2"]

1. d4 d5 2. c4 c6 3. Nc3 Nf6 4. Bg5 Bf5 5. e3 e6 6. Nf3 Bd6 7. c5 Bc7 8.
Bd3 Bg6 9. O-O h6 10. Bh4 O-O 11. e4 dxe4 12. Bxe4 Nxe4 13. Bxd8 Nxc3 14.
bxc3 Rxd8 15. Qb3 b6 16. Rfd1 Nd7 17. cxb6 Nxb6 18. Ne5 Bh5 19. Nxc6 Bxd1
20. Rxd1 Rd6 21. Ne7+ Kh8 22. c4 Rd7 23. Nc6 Bf4 24. Ne5 Bxe5 25. dxe5 Rad8
26. Rxd7 Rxd7 27. c5 Nc4 28. Qxc4 Rd1+ 29. Qf1 Rxf1+ 30. Kxf1 Kg8 31. Ke2
Kf8 32. Kd3 Ke7 33. Kc4 Kd7 34. Kb5 Kc7 35. c6 f6 36. f4 f5 37. h3 g5 38.
g3 g4 39. h4 h5 40. Kc5 a6 41. a3 a5 42. a4 Kd8 43. Kd6 Kc8 44. c7 Kb7 45.
Kd7 Kb6 46. c8=Q Ka7 47. Qc5+ Kb7 48. Qb5+ Ka7 49. Kc7 Ka8 50. Qa6# { Black
checkmated } 1-0

[Event "ICC tourney 2552 (3 2)"]
[Site "Internet Chess Club"]
[Date "2021.05.07"]
[Round "3"]
[White "LAKSHMANAN, KARTHIK:K05-17329162"]
[Black "VELLORE, INAY:K05-15913368"]
[Result "0-1"]
[ICCResult "White checkmated"]
[WhiteElo "1400"]
[BlackElo "1400"]
[Opening "Caro-Kann: Tartakower (fantasy) variation"]
[ECO "B12"]
[NIC "CK.02"]
[Time "18:52:39"]
[PlyCount "112"]
[TimeControl "180+2"]

1. e4 c6 2. d4 d5 3. f3 dxe4 4. fxe4 e5 5. c3 Qh4+ 6. g3 Qxe4+ 7. Qe2 Qxh1
8. Qg2 Qxg2 9. Bxg2 exd4 10. cxd4 Nf6 11. Nc3 Bb4 12. Be3 Nd5 13. Bd2 Nxc3
14. bxc3 Bd6 15. O-O-O Ba3+ 16. Kb1 Bf5+ 17. Ka1 O-O 18. Nf3 Nd7 19. h3 Nb6
20. Nh4 Bc2 21. Re1 Nc4 22. Bc1 Bxc1 23. Rxc1 Bg6 24. Bf1 Nd6 25. Nxg6 hxg6
26. Re1 Rfe8 27. Rd1 Ne4 28. g4 Nf2 29. Rd2 Re1+ 30. Kb2 Rxf1 31. Kc2 Nxh3
32. Rh2 Rf2+ 33. Rxf2 Nxf2 34. Kd2 Nxg4 35. Kd3 b5 36. a3 Re8 37. Kc2 Ne3+
38. Kb3 a5 39. a4 Nd5 40. axb5 cxb5 41. c4 bxc4+ 42. Kxc4 Nb6+ 43. Kb5 a4
44. Kb4 Ra8 45. Ka3 Nc4+ 46. Ka2 a3 47. d5 Ne5 48. Ka1 Rb8 49. Ka2 g5 50.
Kxa3 g4 51. d6 g3 52. d7 g2 53. d8=Q+ Rxd8 54. Ka4 Rb8 55. Ka5 g1=Q 56. Ka6
Qa1# { White checkmated } 0-1

[Event "ICC tourney 2552 (3 2)"]
[Site "Internet Chess Club"]
[Date "2021.05.07"]
[Round "3"]
[White "VEMULA, MANVITH:K01-30172472"]
[Black "CHA, SAMUEL:K03-30048965"]
[Result "0-1"]
[ICCResult "White forfeits on time"]
[WhiteElo "1269"]
[BlackElo "1400"]
[Opening "French defense"]
[ECO "C11"]
[NIC "FR.04"]
[Time "18:53:18"]
[PlyCount "26"]
[TimeControl "180+2"]

1. e4 e6 2. d4 d5 3. Nc3 Nf6 4. Nf3 dxe4 5. Ne5 Bd6 6. Bf4 h6 7. Nd5 exd5
8. Bg3 Bxe5 9. dxe5 Nh7 10. Qh5 c6 11. Qxf7+ Kxf7 12. O-O-O Qa5 13. f3 Qxa2
{ White forfeits on time } 0-1

[Event "ICC tourney 2552 (3 2)"]
[Site "Internet Chess Club"]
[Date "2021.05.07"]
[Round "3"]
[White "MICHAEL BAR, NATHAN:K01-30163724"]
[Black "PRABU, VEDANTH:K06-15651522"]
[Result "0-1"]
[ICCResult "White checkmated"]
[WhiteElo "1400"]
[BlackElo "1400"]
[Opening "French: exchange variation"]
[ECO "C01"]
[NIC "FR.01"]
[Time "18:52:32"]
[PlyCount "74"]
[TimeControl "180+2"]

1. e4 e6 2. d4 d5 3. exd5 exd5 4. Nc3 Nf6 5. Nf3 Nc6 6. Qe2+ Be6 7. Bg5 Be7
8. Qd1 h6 9. Bh4 Bg4 10. Bg3 O-O 11. Nb5 Re8 12. Bxc7 Bd6+ 13. Be2 Bxc7 14.
Nxc7 Qxc7 15. O-O Bxf3 16. Bxf3 Rad8 17. Re1 Rxe1+ 18. Qxe1 Nxd4 19. Qd2
Nxc2 20. Rd1 Nd4 21. Qxd4 Qe7 22. Qxa7 Ne4 23. Bxe4 dxe4 24. Rxd8+ Qxd8 25.
h3 Qd1+ 26. Kh2 Qd2 27. Qxb7 Qxf2 28. a4 e3 29. a5 e2 30. a6 e1=Q 31. h4
Qeg1+ 32. Kh3 Qf5+ 33. Kg3 Qg6+ 34. Kf4 Q1xg2 35. Qb8+ Kh7 36. a7 Qf2+ 37.
Ke5 Qe6# { White checkmated } 0-1

[Event "ICC tourney 2552 (3 2)"]
[Site "Internet Chess Club"]
[Date "2021.05.07"]
[Round "3"]
[White "LIU, ALEC:K03-30020673"]
[Black "POLICELLI, CYRUS:K05-16341942"]
[Result "0-1"]
[ICCResult "White forfeits on time"]
[WhiteElo "1400"]
[BlackElo "1261"]
[Opening "Queen's pawn game"]
[ECO "D02"]
[NIC "QP.08"]
[Time "18:52:39"]
[PlyCount "36"]
[TimeControl "180+2"]

1. d4 d5 2. Nf3 e6 3. Nc3 c5 4. dxc5 Bxc5 5. Be3 Bxe3 6. fxe3 Nc6 7. Qd3
Nb4 8. Qd2 Nf6 9. O-O-O Qe7 10. g3 Ne4 11. Nxe4 dxe4 12. Ng5 Qxg5 13. Bh3
Nc6 14. Rhf1 O-O 15. g4 Rd8 16. Bg2 Rxd2 17. Rxd2 g6 18. Rfd1 Qxg4 { White
forfeits on time } 0-1

[Event "ICC tourney 2552 (3 2)"]
[Site "Internet Chess Club"]
[Date "2021.05.07"]
[Round "3"]
[White "GILL, NEEV:K05-30079117"]
[Black "FU, JAYDEN:K01-30152838"]
[Result "1-0"]
[ICCResult "Black checkmated"]
[WhiteElo "1400"]
[BlackElo "1400"]
[Opening "Giuoco Piano: four knights variation"]
[ECO "C47"]
[NIC "KP.06"]
[Time "18:52:38"]
[PlyCount "53"]
[TimeControl "180+2"]

1. e4 e5 2. Nf3 Nc6 3. Nc3 Nf6 4. Bc4 Bc5 5. Ng5 O-O 6. Nxf7 Rxf7 7. Bxf7+
Kxf7 8. Nd5 Nxd5 9. exd5 d6 10. dxc6 bxc6 11. Qh5+ g6 12. Qf3+ Ke6 13. Qb3+
Ke7 14. Qf3 Qd7 15. O-O Bb7 16. d3 Qe6 17. Bg5+ Kd7 18. c4 d5 19. cxd5 cxd5
20. Rac1 Qb6 21. Qf7+ Kc6 22. Qe6+ Kb5 23. a4+ Kxa4 24. Ra1+ Kb5 25. Qd7+
c6 26. Qg4 Bc8 27. Qa4# { Black checkmated } 1-0

[Event "ICC tourney 2552 (3 2)"]
[Site "Internet Chess Club"]
[Date "2021.05.07"]
[Round "3"]
[White "MAMCHIK, DANNY:K06-16671746"]
[Black "ZHANG, ETHAN:K03-16683342"]
[Result "1-0"]
[ICCResult "Black checkmated"]
[WhiteElo "1400"]
[BlackElo "1400"]
[Opening "Ruy Lopez: exchange variation, 5.O-O"]
[ECO "C68"]
[NIC "RL.08"]
[Time "18:52:39"]
[PlyCount "127"]
[TimeControl "180+2"]

1. e4 e5 2. Nf3 Nc6 3. Bb5 a6 4. Bxc6 dxc6 5. O-O Bd6 6. Nc3 Nf6 7. d3 h6
8. h3 Be6 9. Be3 O-O 10. d4 exd4 11. Bxd4 Bb4 12. e5 Nd5 13. Nxd5 Bxd5 14.
c3 Ba5 15. b4 Bb6 16. Bxb6 cxb6 17. a4 Bc4 18. Qxd8 Raxd8 19. Rfd1 Rxd1+
20. Rxd1 Be2 21. Re1 Bxf3 22. gxf3 Re8 23. f4 f6 24. Kg2 b5 25. a5 fxe5 26.
fxe5 Kf7 27. f4 g5 28. Kf3 Ke6 29. fxg5 hxg5 30. Kg4 Kd5 31. Kf5 Kc4 32.
Re3 c5 33. bxc5 Kxc5 34. e6 Kc4 35. Kf6 Kd5 36. e7 Kd6 37. Kf7 Rc8 38. Rd3+
Kc7 39. e8=Q Rxe8 40. Kxe8 Kc6 41. Ke7 Kc5 42. Ke6 Kc4 43. Rg3 Kb3 44. Kd5
Ka4 45. Kc5 Kxa5 46. Rg4 b6+ 47. Kc6 b4 48. cxb4+ Ka4 49. Kxb6 a5 50. bxa5+
Ka3 51. Rxg5 Kb3 52. h4 Kc3 53. a6 Kb3 54. a7 Kb4 55. a8=Q Kc4 56. Qc6+ Kb3
57. Qe4 Kc3 58. Rg3+ Kd2 59. Qg2+ Ke1 60. Re3+ Kd1 61. Qe2+ Kc1 62. Rc3+
Kb1 63. Qc2+ Ka1 64. Ra3# { Black checkmated } 1-0

[Event "ICC tourney 2552 (3 2)"]
[Site "Internet Chess Club"]
[Date "2021.05.07"]
[Round "3"]
[White "JHA, SHIVEN:K05-30166269"]
[Black "RAMANUJA, MADHAV:K03-30040317"]
[Result "0-1"]
[ICCResult "White checkmated"]
[WhiteElo "1085"]
[BlackElo "1400"]
[Opening "KP: Nimzovich defense"]
[ECO "B00"]
[NIC "VO.06"]
[Time "18:52:10"]
[PlyCount "58"]
[TimeControl "180+2"]

1. e4 Nc6 2. d4 d5 3. exd5 Qxd5 4. Nf3 Bg4 5. c3 e5 6. h3 Bxf3 7. Qxf3 Qxf3
8. gxf3 exd4 9. Bf4 O-O-O 10. cxd4 Nxd4 11. Be3 Nc2+ 12. Ke2 Nxa1 13. Bxa7
b6 14. Nc3 Kb7 15. Bg2 Nc2 16. Rc1 Nd4+ 17. Ke3 Kxa7 18. f4 Ne6 19. Nb5+
Kb8 20. Rc3 Nf6 21. Ra3 Bxa3 22. Nxa3 Rd6 23. Nb5 Rdd8 24. f5 Nc5 25. Ke2
Rhe8+ 26. Kf3 Rd2 27. h4 Ree2 28. Kg3 Rxf2 29. Bh3 Nce4# { White checkmated
} 0-1

[Event "ICC tourney 2552 (3 2)"]
[Site "Internet Chess Club"]
[Date "2021.05.07"]
[Round "3"]
[White "MANDAL, SAUNAK:K03-30169595"]
[Black "SUDEENDRA, SANKARSHANA:K06-30017519"]
[Result "0-1"]
[ICCResult "White forfeits on time"]
[WhiteElo "1400"]
[BlackElo "1573"]
[Opening "KP: Patzer opening"]
[ECO "C20"]
[NIC "KP.10"]
[Time "18:52:20"]
[PlyCount "52"]
[TimeControl "180+2"]

1. e4 e5 2. Qh5 Nc6 3. Bc4 g6 4. Qf3 Nf6 5. Ne2 Bg7 6. O-O d6 7. d3 Bg4 8.
Qe3 Bxe2 9. Qxe2 Nd4 10. Qe3 Nxc2 11. Qd2 Nxa1 12. b3 a6 13. Bb2 Nxb3 14.
Bxb3 O-O 15. Nc3 Ng4 16. f3 Nf6 17. Na4 b5 18. Nc3 Qd7 19. a4 bxa4 20. Bxa4
c6 21. Bb3 Rab8 22. Qc2 Rb6 23. Ba4 Rfb8 24. Rb1 d5 25. exd5 Nxd5 26. Nxd5
Qxd5 { White forfeits on time } 0-1

[Event "ICC tourney 2552 (3 2)"]
[Site "Internet Chess Club"]
[Date "2021.05.07"]
[Round "3"]
[White "CHAVEZ, HANFEI:K03-30165124"]
[Black "YANG, AIMEE:K01-30082227"]
[Result "0-1"]
[ICCResult "White checkmated"]
[WhiteElo "1400"]
[BlackElo "1400"]
[Opening "Blackmar gambit"]
[ECO "D00"]
[NIC "QP.08"]
[Time "18:52:39"]
[PlyCount "68"]
[TimeControl "180+2"]

1. d4 d5 2. e4 dxe4 3. f4 exf3 4. gxf3 Nf6 5. Nh3 Bf5 6. Nc3 e6 7. Nb5 a6
8. Nxc7+ Qxc7 9. Bg5 Be7 10. Bxf6 Bxf6 11. Nf4 Qxf4 12. Bd3 Bxd3 13. cxd3
Qxd4 14. Rc1 Nc6 15. Kf1 O-O 16. Rc4 Qd7 17. Rc5 Rfd8 18. Rc1 Qxd3+ 19. Kf2
Qxd1 20. Rcxd1 Rxd1 21. Rxd1 Rd8 22. Re1 h6 23. Rc1 Rd2+ 24. Ke1 Rxb2 25.
Ra1 Rxh2 26. Kf1 Bxa1 27. f4 Nd4 28. Kg1 Rxa2 29. Kf1 b5 30. Ke1 b4 31. Kd1
Rh2 32. Kc1 b3 33. Kb1 Bc3 34. Kc1 Rh1# { White checkmated } 0-1

[Event "ICC tourney 2552 (3 2)"]
[Site "Internet Chess Club"]
[Date "2021.05.07"]
[Round "3"]
[White "GALLEGE, REHAN:K05-16946930"]
[Black "HONSTEIN, HENRY:K01-30059901"]
[Result "1-0"]
[ICCResult "Black resigns"]
[WhiteElo "1400"]
[BlackElo "1400"]
[Opening "King's pawn game"]
[ECO "C50"]
[NIC "IG.03"]
[Time "18:53:19"]
[PlyCount "57"]
[TimeControl "180+2"]

1. e4 e5 2. Nf3 Nc6 3. Bc4 h6 4. c3 Bc5 5. d4 exd4 6. cxd4 Bd6 7. e5 Bb4+
8. Bd2 Bxd2+ 9. Nbxd2 f6 10. O-O fxe5 11. Nxe5 Nxe5 12. Qh5+ g6 13. Qxe5+
Qe7 14. Qxh8 Qf8 15. Rfe1+ Ne7 16. Qxf8+ Kxf8 17. Nf3 d6 18. Be6 Bxe6 19.
Rxe6 Nf5 20. Rxg6 Re8 21. Rf6+ Kg7 22. Rxf5 Re2 23. Re1 Rxe1+ 24. Nxe1 Kg6
25. Rf3 b5 26. b3 a5 27. a4 b4 28. Nd3 h5 29. Rf8 { Black resigns } 1-0

[Event "ICC tourney 2552 (3 2)"]
[Site "Internet Chess Club"]
[Date "2021.05.07"]
[Round "3"]
[White "SARANGI, SHREYAN:K05-17058212"]
[Black "DESAIKOV, MAX:K03-30147675"]
[Result "1-0"]
[ICCResult "Black checkmated"]
[WhiteElo "1400"]
[BlackElo "1400"]
[Opening "Sicilian: accelerated fianchetto, modern variation"]
[ECO "B34"]
[NIC "SI.31"]
[Time "18:53:19"]
[PlyCount "79"]
[TimeControl "180+2"]

1. e4 c5 2. Nf3 Nc6 3. d4 g6 4. Nc3 cxd4 5. Nxd4 Bg7 6. Be3 Qb6 7. Nxc6
Qxb2 8. Nd5 Qxa1 9. Qxa1 Bxa1 10. Nc7+ Kf8 11. Nxa8 bxc6 12. Bxa7 Bb7 13.
Nb6 d5 14. exd5 cxd5 15. Bd3 Bc3+ 16. Ke2 Nf6 17. Na4 d4 18. Nxc3 dxc3 19.
f3 Kg7 20. Bd4 Rc8 21. Rb1 Bd5 22. a4 Kg8 23. a5 Nd7 24. a6 e5 25. Bf2 f5
26. a7 Kf7 27. Bb5 Nb6 28. Bxb6 Ra8 29. Kd3 Bb7 30. Kxc3 Ke7 31. Bc5+ Kd8
32. Bc4 Kc7 33. Rxb7+ Kxb7 34. Bd5+ Kc8 35. Bxa8 Kc7 36. Bd5 Kd7 37. a8=Q
e4 38. Qb7+ Ke8 39. Bf7+ Kd8 40. Bb6# { Black checkmated } 1-0

[Event "ICC tourney 2552 (3 2)"]
[Site "Internet Chess Club"]
[Date "2021.05.07"]
[Round "3"]
[White "SUVOROV, ZACHARY:K06-30101116"]
[Black "DORON REPA, HILLEL:K03-16771628"]
[Result "0-1"]
[ICCResult "White forfeits on time"]
[WhiteElo "1400"]
[BlackElo "1400"]
[Opening "Sicilian: Sozin, Leonhardt variation"]
[ECO "B88"]
[NIC "SI.26"]
[Time "18:52:39"]
[PlyCount "50"]
[TimeControl "180+2"]

1. e4 c5 2. Nf3 d6 3. d4 cxd4 4. Nxd4 Nf6 5. Nc3 Nc6 6. Bc4 e6 7. O-O Be7
8. Bf4 Nxd4 9. Qxd4 e5 10. Bxe5 dxe5 11. Qxe5 O-O 12. Rad1 Qb6 13. Na4 Qb4
14. Qd4 Qxa4 15. Qe3 Qxc4 16. Qg3 Nxe4 17. Qe3 Bf6 18. b3 Qc6 19. f3 Nc3
20. Rd3 Bf5 21. Rd2 Rfe8 22. Qf2 Be7 23. Re1 Bc5 24. Rxe8+ Rxe8 25. Qxc5
Qxc5+ { White forfeits on time } 0-1

[Event "ICC tourney 2552 (3 2)"]
[Site "Internet Chess Club"]
[Date "2021.05.07"]
[Round "3"]
[White "DEVARAJ, SHREYA:K05-16369648"]
[Black "ILYASOV, AHMED:K03-30131511"]
[Result "0-1"]
[ICCResult "White forfeits on time"]
[WhiteElo "1400"]
[BlackElo "1157"]
[Opening "Queen's pawn game"]
[ECO "D02"]
[NIC "QP.08"]
[Time "18:52:39"]
[PlyCount "70"]
[TimeControl "180+2"]

1. d4 d5 2. Nf3 c6 3. Bf4 e6 4. e3 Nf6 5. c3 Be7 6. Bd3 O-O 7. Nbd2 Nbd7 8.
O-O c5 9. Bc2 cxd4 10. exd4 Nh5 11. Be3 f5 12. Ne5 Nxe5 13. Qxh5 Ng4 14. h3
g6 15. Qxg4 fxg4 16. hxg4 Bg5 17. Bxg5 Qxg5 18. Nf3 Qxg4 19. Bd3 Rxf3 20.
g3 Rxd3 21. Rae1 e5 22. Rxe5 Qf3 23. Re8+ Kf7 24. Re3 Rxe3 25. fxe3 Qxf1+
26. Kxf1 Bh3+ 27. Ke2 Kf6 28. Kf3 Kf5 29. b3 g5 30. c4 Bg4+ 31. Kf2 Ke4 32.
cxd5 Rf8+ 33. Kg2 Kxe3 34. d6 Rf2+ 35. Kg1 Ke2 { White forfeits on time }
0-1

[Event "ICC tourney 2552 (3 2)"]
[Site "Internet Chess Club"]
[Date "2021.05.07"]
[Round "3"]
[White "AGNIHOTRI, AADI:K05-16443397"]
[Black "HAO, RYAN:K01-17217725"]
[Result "1-0"]
[ICCResult "Black forfeits on time"]
[WhiteElo "1400"]
[BlackElo "1400"]
[Opening "Two knights defense, Perreux variation"]
[ECO "C55"]
[NIC "KP.02"]
[Time "18:52:39"]
[PlyCount "45"]
[TimeControl "180+2"]

1. e4 e5 2. Nf3 Nc6 3. d4 exd4 4. Bc4 Nf6 5. Ng5 d5 6. exd5 Nxd5 7. Qf3 Nf6
8. Nxf7 Qe7+ 9. Qe2 Qxe2+ 10. Kxe2 Rg8 11. Ng5 Bg4+ 12. f3 Bf5 13. Bxg8
Bxc2 14. Bf7+ Kd8 15. Na3 Bc5 16. Nxc2 a6 17. Bb3 d3+ 18. Kxd3 h6 19. Ne6+
Ke8 20. Nxc7+ Kd8 21. Nxa8 Kc8 22. Bf4 g5 23. Bc7 { Black forfeits on time
} 1-0

[Event "ICC tourney 2552 (3 2)"]
[Site "Internet Chess Club"]
[Date "2021.05.07"]
[Round "3"]
[White "MANTRI, RISHITHA:K06-16467257"]
[Black "WATANABE NUNEZ, RYUTA:K03-17015848"]
[Result "0-1"]
[ICCResult "White checkmated"]
[WhiteElo "1400"]
[BlackElo "1400"]
[Opening "two knights defense: Fritz variation"]
[ECO "C57"]
[NIC "KP.01"]
[Time "18:51:47"]
[PlyCount "54"]
[TimeControl "180+2"]

1. e4 e5 2. Nf3 Nc6 3. Bc4 Nf6 4. Ng5 d5 5. exd5 Nd4 6. d6 Qxd6 7. Nxf7 Qc6
8. d3 Qxg2 9. Rf1 Bg4 10. f3 Nxc2+ 11. Qxc2 Qxc2 12. Nxh8 Qxc1+ 13. Ke2
Qxb2+ 14. Nd2 Bh3 15. Bf7+ Ke7 16. Rfc1 c6 17. Ke3 Qd4+ 18. Ke2 g6 19. Rab1
Qd7 20. Rb3 Bg7 21. Rcb1 b6 22. Nc4 Nh5 23. Nxe5 Bxe5 24. Rb4 Nf4+ 25. Kf2
Bd4+ 26. Kg3 Ne2+ 27. Kh4 Bf6# { White checkmated } 0-1

[Event "ICC tourney 2552 (3 2)"]
[Site "Internet Chess Club"]
[Date "2021.05.07"]
[Round "3"]
[White "KIRILOV SAKALIYSKI, CHRISTOPHER:K05-16115040"]
[Black "PATWARI, TANUSH:K06-16270035"]
[Result "1-0"]
[ICCResult "Black forfeits on time"]
[WhiteElo "1400"]
[BlackElo "1400"]
[Opening "English opening"]
[ECO "A20"]
[NIC "EO.24"]
[Time "18:51:59"]
[PlyCount "57"]
[TimeControl "180+2"]

1. c4 e5 2. g3 Nf6 3. Bg2 d6 4. Nc3 Be6 5. b3 c6 6. e4 Nbd7 7. d3 Be7 8.
Nge2 Nb6 9. O-O d5 10. cxd5 cxd5 11. exd5 Nbxd5 12. d4 Nxc3 13. Nxc3 exd4
14. Nb5 O-O 15. Nxd4 Ng4 16. h3 Ne5 17. Bf4 Bf6 18. Rc1 a6 19. Re1 Ng6 20.
Nxe6 fxe6 21. Rxe6 Qxd1+ 22. Rxd1 Bc3 23. Bd5 Kh8 24. Bd6 Rfd8 25. Bc7 Rdc8
26. Bxb7 Rxc7 27. Bxa8 Rc8 28. Bb7 Rb8 29. Rc6 { Black forfeits on time }
1-0

[Event "ICC tourney 2552 (3 2)"]
[Site "Internet Chess Club"]
[Date "2021.05.07"]
[Round "3"]
[White "SATTERFIELD, MASON:K06-30132043"]
[Black "BULUSU, PHANEENDRA:K03-16661467"]
[Result "0-1"]
[ICCResult "White checkmated"]
[WhiteElo "1400"]
[BlackElo "1400"]
[Opening "Center game"]
[ECO "C22"]
[NIC "KP.04"]
[Time "18:52:39"]
[PlyCount "70"]
[TimeControl "180+2"]

1. e4 e5 2. d4 exd4 3. Qxd4 Nc6 4. Qd1 Bc5 5. e5 Nxe5 6. g3 d6 7. b3 Ng4 8.
h3 Nxf2 9. Qd2 Nxh1 10. g4 Qe7+ 11. Kd1 Ng3 12. b4 Bxg1 13. b5 Nxf1 14. Qe1
Qxe1+ 15. Kxe1 Ng3 16. Kd1 Ne4 17. Na3 Bd4 18. c3 Nxc3+ 19. Ke1 Ne4 20. Bb2
Bxb2 21. Rb1 Bxa3 22. Rb3 Bc5 23. Rc3 Nxc3 24. b6 Bxb6 25. a3 Nf6 26. g5
Nfd5 27. g6 hxg6 28. h4 Rxh4 29. Kd2 Bf5 30. Ke1 Rh2 31. Kf1 Ra2 32. a4
Nxa4 33. Ke1 Kd7 34. Kf1 Rh8 35. Ke1 Rh1# { White checkmated } 0-1

[Event "ICC tourney 2552 (3 2)"]
[Site "Internet Chess Club"]
[Date "2021.05.07"]
[Round "3"]
[White "CHEN, ANDY:K01-30080996"]
[Black "CHAN, ARTHUR:K05-30015869"]
[Result "0-1"]
[ICCResult "White checkmated"]
[WhiteElo "1400"]
[BlackElo "1400"]
[Opening "QGD Slav: exchange variation, 6.Bf4 Bf5"]
[ECO "D14"]
[NIC "SL.01"]
[Time "18:52:29"]
[PlyCount "122"]
[TimeControl "180+2"]

1. d4 d5 2. c4 c6 3. cxd5 cxd5 4. Nf3 Nc6 5. Nc3 Bf5 6. Bf4 Nf6 7. e3 e6 8.
Bb5 Bd6 9. Bxd6 Qxd6 10. Ne5 O-O 11. Nxc6 bxc6 12. Bd3 Bxd3 13. Qxd3 Rab8
14. b3 h6 15. O-O Nh5 16. h3 f5 17. Qe2 Nf6 18. Na4 Ne4 19. f3 Nf6 20. Nc5
g5 21. Qa6 Rf7 22. a3 Rb6 23. Qd3 Nd7 24. Nxd7 Rxd7 25. b4 Rb5 26. Rfb1 a6
27. e4 dxe4 28. fxe4 e5 29. exf5 Qxd4+ 30. Qxd4 Rxd4 31. Rf1 Rf4 32. f6 Kf7
33. g3 Rxf6 34. Rxf6+ Kxf6 35. Re1 Rd5 36. Kf2 Ke6 37. Kf3 h5 38. h4 g4+
39. Kg2 Rd3 40. Rc1 Kd5 41. a4 Rd4 42. Rb1 Rd2+ 43. Kf1 Ra2 44. b5 cxb5 45.
axb5 axb5 46. Rxb5+ Ke6 47. Rb6+ Kf5 48. Rb8 Ra1+ 49. Ke2 Ra2+ 50. Kd3 Ra3+
51. Kc4 Rxg3 52. Rf8+ Ke4 53. Rh8 Rg1 54. Rxh5 g3 55. Rh8 g2 56. h5 Rc1+
57. Kb4 g1=Q 58. Re8 Qc5+ 59. Kb3 Rb1+ 60. Ka2 Qc2+ 61. Ka3 Qb3# { White
checkmated } 0-1

[Event "ICC tourney 2552 (3 2)"]
[Site "Internet Chess Club"]
[Date "2021.05.07"]
[Round "3"]
[White "GANDHI, MANASVI:K03-30110152"]
[Black "PARIKH, PARV:K01-30065214"]
[Result "0-1"]
[ICCResult "White checkmated"]
[WhiteElo "1400"]
[BlackElo "1054"]
[Opening "Giuoco Pianissimo: Italian four knights variation"]
[ECO "C50"]
[NIC "IG.02"]
[Time "18:52:39"]
[PlyCount "92"]
[TimeControl "180+2"]

1. e4 e5 2. Nf3 Nc6 3. Bc4 Bc5 4. Nc3 Nf6 5. d3 d6 6. h3 O-O 7. O-O Be6 8.
Bxe6 fxe6 9. Bd2 d5 10. exd5 exd5 11. a3 a6 12. b4 Ba7 13. Qe2 b5 14. Rae1
d4 15. Ne4 Nxe4 16. dxe4 a5 17. bxa5 Qb8 18. Bg5 Nxa5 19. c4 bxc4 20. Rb1
d3 21. Rxb8 dxe2 22. Rxf8+ Rxf8 23. Re1 Rb8 24. Rxe2 Rb1+ 25. Kh2 c3 26. a4
Bd4 27. Nxd4 exd4 28. Bd8 d3 29. Re3 d2 30. Rxc3 d1=Q 31. Bxc7 Qg1+ 32. Kg3
Rb3 33. Rxb3 Nxb3 34. f4 Nd2 35. e5 Ne4+ 36. Kg4 Qxg2+ 37. Kf5 g6+ 38. Ke6
Nc5+ 39. Kf6 Qc6+ 40. e6 Qxc7 41. e7 Qd6+ 42. Kg5 Qxe7+ 43. Kg4 Qe3 44. a5
Ne6 45. a6 h5+ 46. Kh4 Qxf4# { White checkmated } 0-1

[Event "ICC tourney 2552 (3 2)"]
[Site "Internet Chess Club"]
[Date "2021.05.07"]
[Round "3"]
[White "KARTIWA, IAN:K03-17190178"]
[Black "SIDDHARTH GOVINDARAJULA, PRANAY:K06-17345554"]
[Result "0-1"]
[ICCResult "White checkmated"]
[WhiteElo "1400"]
[BlackElo "1400"]
[Opening "French: Steinitz variation"]
[ECO "C11"]
[NIC "FR.04"]
[Time "18:52:39"]
[PlyCount "66"]
[TimeControl "180+2"]

1. e4 e6 2. d4 d5 3. Nc3 Nf6 4. e5 Nfd7 5. Nf3 c5 6. Be3 Nc6 7. Be2 cxd4 8.
Nxd4 Ndxe5 9. Nxc6 Nxc6 10. Bd4 Nxd4 11. Qxd4 a6 12. Qa4+ Bd7 13. Qb3 Qc7
14. O-O Bd6 15. Nd1 Bxh2+ 16. Kh1 Bd6 17. Kg1 h5 18. Qh3 e5 19. Qh1 h4 20.
g3 O-O-O 21. Bf3 e4 22. Bxe4 dxe4 23. Qxe4 hxg3 24. fxg3 Bc6 25. Qf5+ Kb8
26. Qxf7 Rh1+ 27. Kf2 Bxg3+ 28. Ke2 Bb5+ 29. Kf3 Rxf1+ 30. Kg2 Qxf7 31.
Kxg3 Qf3+ 32. Kh4 Rd4+ 33. Kg5 Qf5# { White checkmated } 0-1